 Dungeon Crawl Stone Soup version 0.31-a0-164-g2312942fda (webtiles) character file.

Game seed: 17088426735338128357

274175 Midn8 the Warrior (level 18, -1/176 HPs)
             Began as a White Draconian Cinder Acolyte on June 13, 2023.
             Was the Champion of Ru.
             Slain by an orc knight
             ... wielding a +1 bardiche of freezing
              (9 damage)
             ... on level 2 of the Vaults on June 14, 2023.
             The game lasted 02:36:31 (45651 turns).

Midn8 the Warrior (White Draconian Cinder Acolyte) Turns: 45651, Time: 02:36:31

Health: -1/176     AC: 20    Str: 14    XL:     18   Next: 52%
Magic:  0/40       EV: 19    Int: 21    God:    Ru [******]
Gold:   3014       SH:  0    Dex: 15    Spells: 2/33 levels left

rFire   . .          .
                       - Unarmed
rCold   + . .        (shield unavailable)
rNeg    + + +        (body armour unavailable)
rPois   +            H - +3 hat of Pondering {ponderous, Will+ MP+10 Int+5}
rElec   .            d - scarf "Saigu" {+Inv, rN+++ Str-4 Dex+3}
rCorr   .            U - melded +2 pair of gloves
SInv    .            c - +2 pair of boots
Will    ++...        L - amulet "Pefiozam" {Spirit rPois} Stlth
                     (ring unavailable)
HPRegen 0.49/turn    y - +4 ring of protection
MPRegen 0.27/turn

%: guardian spirit
@: blade hand, studying Ranged Weapons, unable to drink, slow
A: breathe frost, AC +10, unfitting armour, cold resistance 1, cold-blooded,
inability to drink after injury 2, missing a hand, no stealth, inexperienced 1
}: 2/15 runes: barnacled, gossamer
a: Breathe Frost, End Transformation, Renounce Religion, Evoke Invisibility,
Draw Out Power, Power Leap, Apocalypse


You were on level 2 of the Vaults.
You worshipped Ru.
Ru was exalted by your worship.
You had blades for hand.
You visited 7 branches of the dungeon, and saw 33 of its levels.
You also visited: Bailey and Gauntlet.

You collected 4926 gold pieces.
You spent 1912 gold pieces at shops.

Inventory:

Hand Weapons
 T - the +9 arbalest of Riuntyw {antimagic, Will+}
   (You found it on level 4 of the Shoals)

   Will:      It increases your willpower.
Missiles
 h - 115 poisoned darts
 u - 3 throwing nets
Armour
 c - a +2 pair of boots (worn)
 d - the scarf "Saigu" (worn) {+Inv, rN+++ Str-4 Dex+3}
   (You found it on level 4 of the Spider Nest)

   Str:       It affects your strength (-4).
   Dex:       It affects your dexterity (+3).
   rN:        It renders you almost immune to negative energy.
 H - the +3 hat of Pondering (worn) {ponderous, Will+ MP+10 Int+5}
   (You took it off Gastronok on level 2 of the Lair of Beasts)

   Int:       It affects your intelligence (+5).
   MP:        It affects your magic capacity (+10).
   Will:      It increases your willpower.
 U - a +2 pair of gloves (melded)
Jewellery
 k - a +6 ring of intelligence
 m - a +6 ring of dexterity
 y - a +4 ring of protection (right blade hand)
 L - the amulet "Pefiozam" (around neck) {Spirit rPois}
   (You acquired it in a bailey)

   [amulet of guardian spirit]

   It causes incoming damage to be divided between your reserves of health and
   magic.
   rPois:     It protects you from poison.
 V - a ring of protection from cold
Wands
 r - a wand of iceblast (16)
 v - a wand of flame (58)
 z - a wand of polymorph (17)
 B - a wand of digging (9)
 E - a wand of paralysis (12)
 N - a wand of light (17)
 S - a wand of mindburst (21)
Scrolls
 b - 13 scrolls of teleportation
 f - 4 scrolls of poison
 i - 6 scrolls of enchant weapon
 j - a scroll of enchant armour
 l - 17 scrolls of identify
 n - 9 scrolls of amnesia
 s - 5 scrolls of immolation
 x - 2 scrolls of fear
 A - 4 scrolls of revelation
 C - 3 scrolls of fog
 F - 3 scrolls of brand weapon
 J - a scroll of blinking
 P - 4 scrolls of butterflies
 R - a scroll of silence
Potions
 a - 3 potions of attraction
 e - 15 potions of curing
 o - 3 potions of haste
 p - 4 potions of cancellation
 q - 4 potions of magic
 t - 5 potions of lignification
 w - 5 potions of might
 D - 3 potions of enlightenment
 G - 6 potions of ambrosia
 K - 8 potions of heal wounds
 M - 4 potions of berserk rage
 O - 2 potions of mutation
 Q - 2 potions of resistance
 X - a potion of invisibility
Miscellaneous
 g - a condenser vane
 I - a phial of floods (inert)
 W - a lightning rod (4/4)
 Y - a box of beasts
 Z - a phantom mirror


   Skills:
 + Level 19.5 Fighting
 - Level 14.0 Dodging
 - Level 17.0 Unarmed Combat
 - Level 8.0 Spellcasting
 - Level 6.0 Conjurations
 - Level 7.0 Translocations
 - Level 12.0 Transmutations
 - Level 2.4 Fire Magic
 - Level 12.0 Poison Magic
 - Level 8.0 Evocations


You had 2 spell levels left.
You knew the following spells:

 Your Spells              Type           Power      Damage    Failure   Level
a - Scorch                Fire           36%        2d7       32%         2
b - Blade Hands           Tmut           28%        N/A       19%         5
c - Lesser Beckoning      Tloc           74%        N/A       13%         2
e - Eringya's Noxious Bo  Tmut/Pois      28%        N/A       43%         6
g - Olgreb's Toxic Radia  Pois           56%        N/A       12%         4
r - Irradiate             Conj/Tmut      23%        3d19      34%         5
x - Alistair's Intoxicat  Tmut/Pois      37%        N/A       19%         5
B - Blink                 Tloc           74%        N/A       13%         2

Your spell library contained the following spells:

 Spells                   Type           Power      Damage    Failure   Level
 Sting                    Tmut/Pois      100%       1d8       6%          1
 Apportation              Tloc           74%        N/A       11%         1
 Momentum Strike          Conj/Tloc      70%        3d9       14%         2
 Passwall                 Tmut/Erth      27%        N/A       16%         2
 Poisonous Vapours        Pois/Air       66%        N/A       16%         2
 Shock                    Conj/Air       84%        1d8       22%         1
 Ensorcelled Hibernation  Hex/Ice        16%        N/A       50%         2
 Sublimation of Blood     Necr           8%         N/A       50%         2
 Gell's Gravitas          Tloc           37%        N/A       17%         3
 Teleport Other           Tloc           37%        N/A       17%         3
 Mephitic Cloud           Conj/Pois/Air  33%        N/A       21%         3
 Portal Projectile        Hex/Tloc       46%        N/A       34%         3
 Vhi's Electric Charge    Tloc/Air       46%        N/A       34%         3
 Petrify                  Tmut/Erth      33%        N/A       38%         4
 Inner Flame              Hex/Fire       13%        N/A       54%         3
 Flame Wave               Conj/Fire      26%        2d8       54%         4
 Sticky Flame             Conj/Fire      26%        2d5       54%         4
 Swiftness                Air            8%         N/A       67%         3
 Tukima's Dance           Hex            8%         N/A       67%         3
 Summon Forest            Summ/Tloc      11%        N/A       85%         5
 Dispersal                Tloc           18%        N/A       90%         6
 Freezing Cloud           Conj/Ice/Air   8%         6-21      95%         5
 Summon Mana Viper        Hex/Summ       8%         N/A       99%         5
 Summon Cactus Giant      Summ           4%         N/A       100%        6
 Borgnjor's Revivificati  Necr           4%         N/A       100%        8
 Discord                  Hex            4%         N/A       100%        8
 Ignition                 Fire           9%         3d5       100%        8
 Necromutation            Tmut/Necr      16%        N/A       100%        8
 Death's Door             Necr           4%         N/A       100%        9


Dungeon Overview and Level Annotations

Branches:
Dungeon (15/15)            Temple (1/1) D:5            Lair (5/5) D:8
 Shoals (4/4) Lair:3       Spider (4/4) Lair:2        Slime (0/5) Lair:4
    Orc (2/2) D:11            Elf (0/3) Orc:2        Vaults (2/5) D:14
 Depths (0/4) D:15         Bailey (visited)         Gauntlet (visited)
  Crypt: Vaults:2-3

Altars:
Ashenzari
Cheibriados
Dithmenos
Elyvilon
Fedhas
Gozag
Hepliaklqana
Kikubaaqudgha
Makhleb
Nemelex Xobeh
Okawaru
Qazlal
Ru
Sif Muna
Trog
Uskayaw
Vehumet
Wu Jian
Xom
Yredelemnul
Zin
The Shining One
Jiyva

Shops:
D:2 ?   D:11 *   Orc:1 :   Orc:2 ([*:*   Shoals:1 *   Shoals:3 (

Annotations:
D:7 2 transporters, jasper's ghost, novice DgEE
Lair:4 exclusion: 2 oklob plants


Innate Abilities, Weirdness & Mutations

You have blades for hand.
Your spellcasting is less reliable in this form.
You are incapable of wielding weapons or throwing items.
You can breathe waves of freezing cold which knock back foes.
Your icy white scales are hard. (AC +10)
You cannot fit into any form of body armour.
Your flesh is cold resistant. (rC+)
You are cold-blooded and may be slowed by cold attacks.
You sometimes lose the ability to drink potions when taking damage.
You are missing a hand.
You cannot be stealthy.
You are somewhat inexperienced. (-1 XL)


Message History

The helpless orc knight fails to defend itself.
You slice the orc knight!!
You tail-slap the orc knight, but do no damage.
The orc knight is almost dead.
The helpless orc knight fails to defend itself.
You hit the orc knight.
The orc knight is almost dead.
The orc knight no longer looks unusually strong.
The helpless orc knight fails to defend itself.
You shred the orc knight!!!
You kill the orc knight!
You shred the orc knight!!!
You tail-slap the orc knight, but do no damage.
The orc knight is almost dead.
You barely miss the orc knight.
You tail-slap the orc knight, but do no damage.
The orc knight is almost dead.
The orc knight closely misses you.
The orc knight roars a battlecry!
The orc knight goes into a battle-frenzy!
You hit the orc knight but do no damage.
You tail-slap the orc knight.
The orc knight is almost dead.
The orc knight hits you with a +0 great mace!!
* * * LOW HITPOINT WARNING * * *
You shred the orc knight!!!
You kill the orc knight!
Casting: Blade Hands (dangerous; 19% risk of failure)
Confirm with . or Enter, or press ? or * to list all spells.
Okay, then.
Casting: Blade Hands (dangerous; 19% risk of failure)
Confirm with . or Enter, or press ? or * to list all spells.
Aiming: Lesser Beckoning (safe; 13% risk of failure)
Press: ? - help, Shift-Dir - straight line, f - orc knight
Aim: an orc knight, wielding a +1 bardiche of freezing and wearing a +0 chain mail (moderately wounded, strong, poisoned, 100% to hit)
The orc knight hurls suddenly forward!
The orc knight hits you with a +1 bardiche of freezing!!!
* * * LOW HITPOINT WARNING * * *
The orc knight freezes you!
You die...

....<..#......# #....
.......#.oo...# #....
.......'.....o# #....
.......#......# #....
########......# #....
...........# #.... ............#
#....
..............###################
..............)o@................
#################################


You could see an orc knight (strong, poisoned).

Vanquished Creatures
  Bai Suzhen (Shoals:4)
  Arachne (Spider:4)
  The ghost of frimble the Octopoid Aeon, an adept OpWr of Cheibriados (Vaults:1)
  Gastronok (Lair:2)
  4 krakens
  A sphinx (Vaults:1)
  A tengu reaver (D:14)
  Ilsuiw (Shoals:2)
  7 emperor scorpions
  4 ghost moths
  3 ironbound preservers (Vaults:1)
  3 orc warlords
  5 ironbound thunderhulks (Vaults:1)
  A stone giant (D:15)
  2 broodmothers
  A formless jellyfish (Shoals:4)
  5 dire elephants (Vaults:1)
  3 spark wasps
  The ghost of SirDiesAlot the Tainter, a journeyman OpTm of Cheibriados (Orc:1)
  2 merfolk javelineers (Shoals:4)
  11 merfolk impalers
  An ettin (Orc:1)
  A fire dragon (Lair:5)
  2 entropy weavers
  A vault guard (D:14)
  A rakshasa (D:14)
  A catoblepas (Shoals:3)
  6 hydras
  3 ironbound frosthearts (Vaults:1)
  2 jorogumos
  4 merfolk aquamancers
  6 boulder beetles
  An ogre mage (D:14)
  2 merfolk avatars
  4 two-headed ogres
  A dancing weapon (Orc:1)
  A satyr (Shoals:4)
  2 death yaks
  5 centaur warriors
  2 orc high priests
  4 tengu warriors
  16 demonic crawlers
  Urug (Orc:1)
  Nergalle (D:12)
  4 skeletal warriors (D:15)
  A fire crab (shapeshifter) (D:15)
  11 pharaoh ants
  8 skysharks
  A fire crab (Lair:5)
  A sun moth (Spider:4)
  Amaemon (D:8)
  9 deep trolls
  15 sea snakes
  6 orb spiders
  2 spriggan simulacra (D:15)
  5 lindwurms
  17 harpies
  7 ironbound convokers
  11 steelbarb worms
  3 deep elf pyromancers
  8 orc knights
  5 orc sorcerers
  5 fauns
  28 wolf spiders
  5 cyclopes
  7 ugly things
  10 manticores
  11 elephants
  13 merfolk sirens
  6 water nymphs
  3 molten gargoyles (Lair:5)
  6 moths of wrath
  3 vault sentinels (Vaults:1)
  11 black mambas
  An orange demon (D:8)
  6 gargoyles
  16 cane toads
  9 torpor snails
  An unseen horror (D:10)
  A freezing wraith (D:14)
  3 kobold demonologists
  2 efreet
  16 komodo dragons
  2 tengu conjurers
  4 meliai
  A meliai (shapeshifter) (D:15)
  A troll (shapeshifter) (D:14)
  18 merfolk
  A hornet (Lair:4)
  3 trolls
  26 tarantellas
  Prince Ribbit (D:5)
  6 wind drakes
  2 polar bears (Lair:4)
  14 blink frogs
  29 dream sheep
  6 slime creatures
  10 snapping turtles
  29 jumping spiders
  4 shadows
  4 wraiths
  19 culicivoras
  16 water elementals
  2 vampires
  76 yaks
  10 wyverns
  A dire elephant simulacrum (D:15)
  18 fire elementals
  5 steam dragons
  7 basilisks
  47 redbacks
  3 minotaur simulacra (D:15)
  Edmund (D:5)
  10 vampire mosquitoes
  A harpy simulacrum (D:15)
  3 wargs
  3 hell hounds (Lair:5)
  2 acid dragons
  24 water moccasins
  An ice beast (D:8)
  33 orc warriors
  3 black bears
  8 ogres
  21 centaurs
  8 wolves
  14 kobold brigands
  17 bullfrogs
  2 gnoll sergeants
  A deep troll simulacrum (D:15)
  3 earth elementals (D:11)
  5 scorpions
  10 wights (D:9)
  3 killer bees (D:9)
  2 howler monkeys (D:14)
  A vampire bat (Lair:5)
  A crimson imp (Spider:1)
  5 lava snakes (Lair:5)
  2 jellies
  5 hounds
  18 orc priests
  A gnoll bouda (D:7)
  3 iguanas
  34 orc wizards
  A sleepcap (D:7)
  Natasha (D:2)
  13 gnolls
  13 adders
  A shadow imp (D:7)
  A white imp (D:8)
  3 ufetubi
  A worm (Lair:2)
  4 dart slugs
  71 orcs
  10 ball pythons
  13 bats
  11 endoplasms
  12 giant cockroaches
  15 goblins
  6 hobgoblins
  2 quokkas
  4 frilled lizards (D:2)
  30 kobolds
  3 rats (D:1)
  12 tentacles
1242 creatures vanquished.

Vanquished Creatures (others)
  Polyphemus (Shoals:3)
  2 merfolk aquamancers
  A sea snake (Shoals:4)
  A moth of wrath (Spider:3)
  A faun (Shoals:3)
  A manticore (Shoals:4)
  A water nymph (Shoals:1)
  A torpor snail (Spider:2)
  A redback (Spider:4)
  2 orcs (Orc:1)
  27 foxfires
  9 tentacles
48 creatures vanquished.

Grand Total: 1290 creatures vanquished

Notes
Turn   | Place    | Note
-------+----------+-------------------------------------------
     0 | D:1      | Midn8 the Draconian Cinder Acolyte began the quest for the
                  | Orb.
     0 | D:1      | Reached XP level 1. HP: 19/19 MP: 2/2
   146 | D:1      | Reached XP level 2. HP: 24/26 MP: 3/3
   156 | D:1      | Learned a level 2 spell: Scorch
   444 | D:1      | Reached XP level 3. HP: 31/31 MP: 1/4
  1140 | D:2      | Found Teuge's Magic Scroll Boutique.
  1150 | D:2      | Bought a scroll of identify for 26 gold pieces
  1231 | D:2      | Reached XP level 4. HP: 38/38 MP: 5/5
  1477 | D:2      | Noticed Natasha
  1491 | D:2      | Killed Natasha
  1492 | D:2      | Reached XP level 5. HP: 45/45 MP: 6/6
  1920 | D:3      | Reached skill level 4 in Fighting
  2439 | D:4      | Noticed a water moccasin
  2449 | D:4      | Killed a water moccasin
  2450 | D:4      | Reached skill level 5 in Fighting
  2450 | D:4      | Reached XP level 6. HP: 36/56 MP: 2/7
  3227 | D:4      | Reached skill level 6 in Fighting
  3227 | D:4      | Your scales start taking on an icy white colour.
  3227 | D:4      | Reached XP level 7. HP: 54/63 MP: 0/8
  3227 | D:4      | Gained mutation: Your flesh is cold resistant. (rC+) [White
                  | Draconian growth]
  3601 | D:5      | Entered Level 5 of the Dungeon
  3647 | D:5      | Noticed Edmund
  3657 | D:5      | Killed Edmund
  3925 | D:5      | Noticed Prince Ribbit
  3944 | D:5      | Killed Prince Ribbit
  3945 | D:5      | Reached skill level 7 in Fighting
  3945 | D:5      | Reached skill level 1 in Dodging
  4086 | D:5      | Reached XP level 8. HP: 55/73 MP: 4/9
  4400 | D:5      | Found a staircase to the Ecumenical Temple.
  4776 | D:5      | Learned a level 2 spell: Blink
  5317 | D:6      | Reached skill level 5 in Dodging
  5381 | D:6      | Reached skill level 1 in Translocations
  5852 | D:7      | Identified the +4 chain mail "Wihaw" {Str+7}
  5867 | D:7      | Reached skill level 1 in Evocations
  5867 | D:7      | Reached XP level 9. HP: 46/79 MP: 10/10
  6128 | D:7      | Noticed a moth of wrath
  6149 | D:7      | Found a bloodstained altar of Trog.
  6149 | D:7      | Noticed jasper's ghost (novice DgEE)
  6153 | D:7      | Found a transporter.
  6158 | D:7      | Found a transporter.
  6282 | D:7      | You fall into a shaft and drop 2 floors!
  6357 | D:8      | Noticed a gargoyle
  6378 | D:8      | Killed a gargoyle
  6528 | D:8      | Found a staircase to the Lair.
  7007 | D:8      | Noticed an orange demon
  7023 | D:8      | Killed an orange demon
  7024 | D:8      | Reached skill level 5 in Evocations
  7073 | D:8      | Noticed Amaemon
  7085 | D:8      | Killed Amaemon
  7265 | D:9      | Reached XP level 10. HP: 80/88 MP: 11/11
  7279 | D:9      | Reached skill level 8 in Fighting
  7306 | D:9      | Found a radiant altar of Vehumet.
  7307 | D:9      | Found a hazy altar of Hepliaklqana.
  7307 | D:9      | Found a basalt altar of Yredelemnul.
  7309 | D:9      | Found a glowing golden altar of the Shining One.
  7472 | D:9      | Reached skill level 9 in Fighting
  8302 | D:9      | Learned a level 5 spell: Blade Hands
  8419 | D:9      | Noticed a two-headed ogre
  8479 | Lair:1   | Entered Level 1 of the Lair of Beasts
  8479 | Lair:1   | Noticed a cane toad
  8490 | D:8      | Killed a cane toad
  8491 | D:8      | Reached skill level 1 in Transmutations
  8550 | Lair:1   | Noticed a cane toad
  8552 | Lair:1   | Noticed a cane toad
  8568 | D:8      | Killed a cane toad
  8655 | Lair:1   | Noticed a cane toad
  8791 | Lair:1   | Killed a cane toad
  8803 | D:8      | Killed a cane toad
  8804 | D:8      | Reached XP level 11. HP: 63/97 MP: 6/15
  8930 | Lair:1   | Reached skill level 5 in Transmutations
  9522 | Lair:2   | Reached skill level 5 in Spellcasting
  9767 | Lair:2   | Noticed an eight-headed hydra
  9774 | Lair:2   | Killed an eight-headed hydra
  9877 | Lair:2   | Noticed Gastronok
  9925 | Lair:2   | Killed Gastronok
  9926 | Lair:2   | Reached XP level 12. HP: 61/104 MP: 16/21
 10117 | Lair:2   | Found a hole to the Spider Nest.
 10767 | Lair:3   | Noticed an eight-headed hydra
 10796 | Lair:3   | Killed an eight-headed hydra
 10797 | Lair:3   | Reached skill level 10 in Fighting
 10956 | Lair:3   | Reached skill level 11 in Fighting
 11067 | Lair:3   | Noticed a seven-headed hydra
 11075 | Lair:3   | Killed a seven-headed hydra
 11077 | Lair:3   | Found a gate leading to a gauntlet.
 11086 | Gauntlet | Entered a Gauntlet
 11086 | Gauntlet | Found a transporter.
 11086 | Gauntlet | Found a transporter.
 11086 | Gauntlet | Found a transporter.
 11116 | Gauntlet | Found a transporter.
 11119 | Gauntlet | Found a transporter.
 11120 | Gauntlet | Found a transporter.
 11138 | Gauntlet | Found a transporter.
 11139 | Gauntlet | Found a transporter.
 11141 | Gauntlet | Found a transporter.
 11144 | Gauntlet | Found a transporter.
 11144 | Gauntlet | Noticed a death scarab
 11144 | Gauntlet | Noticed a death scarab
 11148 | Gauntlet | Found a runed translucent gate.
 11150 | Gauntlet | Found a runed translucent gate.
 11150 | Gauntlet | Found a transporter.
 11150 | Gauntlet | Found a transporter.
 11151 | Gauntlet | Found a runed translucent gate.
 11160 | Gauntlet | Noticed a death yak
 11161 | Gauntlet | Noticed a death yak
 11161 | Gauntlet | Noticed a death yak
 11162 | Gauntlet | Noticed a death yak
 11163 | Gauntlet | Noticed a death yak
 11668 | Lair:3   | Noticed an eight-headed hydra
 11680 | Lair:3   | Killed an eight-headed hydra
 12542 | Lair:4   | Reached XP level 13. HP: 116/116 MP: 22/22
 12635 | Lair:4   | Found a viscous altar of Jiyva.
 13955 | Lair:4   | Found a staircase to the Slime Pits.
 14095 | Lair:5   | Entered Level 5 of the Lair of Beasts
 14157 | Lair:5   | Reached skill level 15 in Unarmed Combat
 14568 | Lair:5   | Reached skill level 12 in Fighting
 14698 | Lair:5   | Learned a level 2 spell: Lesser Beckoning
 15020 | Lair:5   | Reached skill level 13 in Fighting
 15141 | Lair:5   | Reached XP level 14. HP: 106/129 MP: 23/23
 15774 | Lair:5   | Reached skill level 14 in Fighting
 16480 | Lair:5   | Found a large runed translucent door.
 16481 | Lair:5   | Found a large runed translucent door.
 17143 | D:9      | Reached skill level 15 in Fighting
 17265 | D:10     | Entered Level 10 of the Dungeon
 17392 | D:10     | Found a flagged portal.
 17456 | Bailey   | Entered a bailey
 17461 | Bailey   | Noticed an orc warlord
 17507 | Bailey   | Identified a scroll of acquirement
 17532 | Bailey   | Found a runed translucent gate.
 17535 | Bailey   | Found a runed translucent gate.
 17537 | Bailey   | Found a runed translucent gate.
 17614 | Bailey   | Killed an orc warlord
 17629 | Bailey   | Identified the +2 ring mail of Happy Babbling {Int+2 Dex+3}
 17638 | Bailey   | Identified the +0 chain mail of the Trilobite {Slay+2}
 17661 | Bailey   | Reached skill level 16 in Fighting
 17661 | Bailey   | Reached XP level 15. HP: 144/144 MP: 24/24
 17662 | Bailey   | Acquired the amulet "Pefiozam" {Spirit rPois}
 18019 | D:10     | Reached skill level 5 in Translocations
 18232 | Temple   | Entered the Ecumenical Temple
 18270 | Temple   | Fell from the grace of Ignis
 18270 | Temple   | Became a worshipper of Ru the Awakened
 18768 | D:11     | Found a staircase to the Orcish Mines.
 18818 | D:11     | Found Utzousm's Pet Rocks.
 19292 | D:11     | Gained mutation: You are missing a hand. [Ru sacrifice]
 19292 | D:11     | Reached * piety under Ru
 19292 | D:11     | Reached ** piety under Ru
 19292 | D:11     | Reached *** piety under Ru
 19926 | D:12     | Noticed Nergalle
 19946 | D:12     | Killed Nergalle
 19964 | D:12     | You fall into a shaft and drop 1 floor!
 21193 | D:14     | Reached skill level 17 in Fighting
 21343 | D:14     | You fall into a shaft and drop 1 floor!
 21343 | D:15     | Entered Level 15 of the Dungeon
 21426 | D:15     | Gained mutation: You occasionally lose the ability to drink
                  | potions when taking damage. [Ru sacrifice]
 21426 | D:15     | Gained mutation: You sometimes lose the ability to drink
                  | potions when taking damage. [Ru sacrifice]
 21426 | D:15     | Reached **** piety under Ru
 21465 | D:15     | Acquired 766 gold pieces
 21467 | D:15     | Acquired 1050 gold pieces
 21893 | D:15     | Reached skill level 10 in Dodging
 22148 | D:15     | Found a staircase to the Depths.
 22165 | D:15     | Reached XP level 16. HP: 121/155 MP: 19/25
 23214 | Orc:1    | Entered Level 1 of the Orcish Mines
 23535 | Orc:1    | Found Suheoje's Book Shoppe.
 23667 | Orc:2    | Entered Level 2 of the Orcish Mines
 23759 | Orc:2    | Noticed Urug
 23998 | Orc:1    | Killed Urug
 24769 | Orc:1    | Found a runed translucent door.
 24769 | Orc:1    | Found a shimmering altar of Xom.
 24769 | Orc:1    | Noticed SirDiesAlot's ghost (journeyman OpTm)
 24838 | Orc:1    | Killed SirDiesAlot's ghost
 24840 | Orc:1    | Identified the ring "Borasom" {Drain rElec rCorr Str+3}
 24897 | Orc:2    | Found an iron altar of Okawaru.
 25123 | Orc:2    | Found Ocriziy's General Store.
 25194 | Orc:2    | Bought a scroll of teleportation for 42 gold pieces
 25194 | Orc:2    | Bought a scroll of enchant armour for 105 gold pieces
 25233 | Orc:2    | Found Ozxuxokk's Book Shop.
 25239 | Orc:2    | Bought a book of Alchemy for 420 gold pieces
 25239 | Orc:2    | Bought Odaxtuwk's Meditations on Baneful Transposition for
                  | 270 gold pieces
 25248 | Orc:2    | Found Jatecsix's Antique Weapon Shop.
 25269 | Orc:2    | Found Laton's General Store.
 25270 | Orc:2    | Found a staircase to the Elven Halls.
 25281 | Orc:2    | Gained mutation: You cannot be stealthy. [Ru sacrifice]
 25281 | Orc:2    | Reached ***** piety under Ru
 25325 | Orc:2    | Bought a condenser vane for 640 gold pieces
 25325 | Orc:2    | Bought a potion of heal wounds for 80 gold pieces
 25325 | Orc:2    | Bought a wand of light (3) for 201 gold pieces
 25567 | Orc:2    | Found Socausm's Antique Armour Shop.
 25633 | Orc:2    | Learned a level 5 spell: Irradiate
 25816 | Spider:1 | Entered Level 1 of the Spider Nest
 25832 | Spider:1 | Reached skill level 1 in Conjurations
 26160 | Spider:1 | Identified the +5 hand axe "Foicw" {flame, Fly Str-3
                  | Stlth+}
 26458 | Spider:1 | Reached skill level 5 in Conjurations
 26475 | Spider:1 | Learned a level 4 spell: Olgreb's Toxic Radiance
 26855 | Spider:1 | Reached skill level 1 in Poison Magic
 27164 | Spider:1 | You fall into a shaft and drop 1 floor!
 27225 | Spider:2 | Got the Essays on Weathered Destruction
 27365 | Spider:2 | Reached skill level 10 in Transmutations
 27449 | Spider:2 | Was forgiven by Ignis
 27577 | Spider:2 | Gained mutation: You are somewhat inexperienced. (-1 XL)
                  | [Ru sacrifice]
 27577 | Spider:2 | Reached XP level 15. HP: 147/147 MP: 32/34
 27577 | Spider:2 | Reached ****** piety under Ru
 27593 | Spider:2 | Reached skill level 5 in Poison Magic
 28368 | Spider:2 | Reached XP level 16. HP: 143/155 MP: 24/25
 28853 | Spider:2 | Learned a level 6 spell: Eringya's Noxious Bog
 29872 | Spider:4 | Entered Level 4 of the Spider Nest
 30067 | Spider:4 | Noticed Arachne
 30074 | Spider:3 | Reached skill level 10 in Poison Magic
 30755 | Spider:4 | Killed Arachne
 31066 | Spider:4 | Learned a level 5 spell: Alistair's Intoxication
 32210 | Spider:4 | Identified the scarf "Saigu" {+Inv, rN+++ Str-4 Dex+3}
 32241 | Spider:4 | Got a gossamer rune of Zot
 32431 | Shoals:1 | Entered Level 1 of the Shoals
 32431 | Shoals:1 | Found Taecip's General Store.
 32588 | Shoals:1 | Bought a potion of berserk rage for 80 gold pieces
 32588 | Shoals:1 | Bought a potion of curing for 48 gold pieces
 32858 | Shoals:1 | Reached XP level 17. HP: 161/161 MP: 26/29
 34467 | Shoals:2 | Found a transporter.
 34469 | Shoals:2 | Found a transporter.
 34692 | Shoals:2 | Noticed Ilsuiw
 34716 | Shoals:2 | Killed Ilsuiw
 34792 | Shoals:2 | Found a transporter.
 34792 | Shoals:2 | Found a transporter.
 35084 | Shoals:2 | Found a transporter.
 35085 | Shoals:2 | Found a transporter.
 35568 | Shoals:2 | Reached skill level 18 in Fighting
 37687 | Shoals:3 | Found Wunun's Antique Weapon Shoppe.
 37708 | Shoals:3 | Reached skill level 19 in Fighting
 37751 | Shoals:3 | Noticed Polyphemus
 37776 | Shoals:3 | Killed Polyphemus
 38180 | Shoals:4 | Entered Level 4 of the Shoals
 38869 | Shoals:4 | Identified the +9 arbalest of Riuntyw {antimagic, Will+}
 38936 | Shoals:4 | Noticed Bai Suzhen
 38981 | Shoals:4 | Killed Bai Suzhen
 39605 | Shoals:4 | Got a barnacled rune of Zot
 41150 | D:9      | Reached XP level 18. HP: 155/176 MP: 23/30
 42013 | D:14     | Found a gate to the Vaults.
 42368 | Vaults:1 | Entered Level 1 of the Vaults
 44994 | Vaults:1 | Found a large runed translucent door.
 44995 | Vaults:1 | Found a large runed translucent door.
 45003 | Vaults:1 | Noticed frimble's ghost (adept OpWr)
 45446 | Vaults:1 | Killed frimble's ghost
 45651 | Vaults:2 | HP: 8/176 [orc knight/+1 bardiche of freezing (42)]
 45651 | Vaults:2 | Slain by an orc knight

Illustrated notes

Levels and vault maps discovered:
D:1:      dpeg_arrival_solitude, layout_rooms, hangedman_decor_points,
          minmay_split_cup_large
D:2:      layout_basic, serial_shops, nicolae_shop_gibbet_a_chance, uniq_natasha
D:3:      layout_basic, nicolae_concentric_dashed_squares_wild,
          minmay_three_crescents
D:4:      layout_layer_cave
D:5:      layout_loops_corners, minmay_temple_entry_antechambers,
          nicolae_zen_rock_garden, uniq_prince_ribbit1, uniq_edmund
D:6:      layout_loops_ring, kennysheep_big_empty_room
D:7:      layout_loops_corners, gammafunk_ghost_wrathful_warriors, minivault_10
D:8:      layout_rooms, dpeg_oklobed_lair, dk_rats_in_the_wall, uniq_amaemon
D:9:      minmay_the_grid_square_5x5_3x3 [minmay_the_grid_square_5x5_comb,
          minmay_the_grid_square_5x5_slash, minmay_the_grid_square_5x5_two,
          minmay_the_grid_square_5x5_intrusive_squares,
          minmay_the_grid_square_5x5_megaprize_diamond,
          minmay_the_grid_square_5x5_bite, minmay_the_grid_square_5x5_dogpile,
          minmay_the_grid_square_5x5_empty, minmay_the_grid_square_5x5_forky],
          layout_basic, grunt_temple_overflow_open
D:10:     layout_long_grid, enter_bailey_5
D:11:     layout_small_grid, david_orc_3, special_room [special_room_kobold],
          guppyfry_shop_earth
D:12:     layout_long_grid, kennysheep_windowed_goal, uniq_nergalle
D:13:     layout_loops_ring, roderic_lattice_a, amethyst_killhole, drop_trap
D:14:     layout_gridville, david_vaults_5
D:15:     grunt_enter_depths_snipers, layout_long_grid,
          portal_ice_cave_entry_ice_simulacra, serial_park_tiny_1
Temple:   nicolae_temple_no_exploring_needed
Lair:1:   layout_misc_corridors, grunt_megastairs_1
Lair:2:   layout_misc_corridors, nicolae_spider_entry_non_spiders,
          grunt_megastairs_4, infiniplex_staircase_pool, uniq_gastronok
Lair:3:   layout_roguey, nicolae_shoals_entry_flooding, gauntlet_entry_generic,
          st_stairs_4, nicolae_lair_grove_arrangements
Lair:4:   nzn_winding_woodlands_stair_trap
          [nzn_winding_woodlands_5x15_pathside_ponds,
          nzn_winding_woodlands_5x15_pool, nzn_winding_woodlands_5x15_crooked,
          nzn_winding_woodlands_15x15_killbox,
          nzn_winding_woodlands_5x15_longhouse,
          nzn_winding_woodlands_5x15_twine, nzn_winding_woodlands_5x15_eye],
          layout_cave_pods, minmay_slime_entry_oklob_enclosed,
          mumra_transporter_accident, st_stairs_13
Lair:5:   cheibrodos_lair_end_hotspot, layout_regular_city, st_stairs_8,
          roderic_batcave, chequers_serial_rivers_micro_c, patterned_corridor
Shoals:1: layout_shoals, serial_shops, shop
Shoals:2: cheibrodos_shoals_baths, layout_shoals, serial_nicolae_subway,
          nicolae_sub_station_stone, nicolae_sub_station_crystal,
          nicolae_sub_station_metal, uniq_ilsuiw
Shoals:3: layout_shoals, serial_shops, shop, uniq_polyphemus
Shoals:4: shoals_end_hangedman, layout_shoals, uniq_bai_suzhen
Spider:1: layout_spider_delve, nicolae_crawler_farm
Spider:2: layout_cave_pods
Spider:3: layout_spider_delve
Spider:4: grunt_spider_rune_circles, uniq_arachne
Orc:1:    layout_diamond_mine, ebering_ghost_xom, serial_shops, shop,
          nicolae_orc_crystal_geode
Orc:2:    grunt_orc_cross, layout_diamond_mine, serial_shops,
          nicolae_shop_advertising_works [nicolae_subvault_shop_adworks],
          okawaru_metal_pillars_3, uniq_urug
Vaults:1: ebering_ghost_disaster_area, vaults_dpeg_ring, vaults_dpeg_diagonal,
          nicolae_vaults_tangram_1, vaults_room_octagon, hangedman_vaults_snaps,
          vaults_standard_mumra_x, v_misc_11, nicolae_vaults_spaceships,
          nicolae_vaults_security_offices_5, nicolae_vaults_three_branches,
          vaults_room_grid, vaults_mumra_chevron,
          nicolae_vaults_storage_closets_2, ontoclasm_vaults_gateway,
          ontoclasm_vaults_loading_screen, layout_vaults_big_cross
Vaults:2: nicolae_vaults_more_shelving_1, ontoclasm_vaults_spin,
          nicolae_vaults_shipping_containers_1,
          nicolae_vaults_ring_of_whatevers, nicolae_vaults_cornered_office,
          v_misc_1, nicolae_vaults_tetromino_Z_1,
          nicolae_vaults_little_squares_2, nicolae_vaults_offset_grid_hallway_4,
          ontoclasm_vaults_fault, nicolae_vaults_storage_closets_1,
          nicolae_vaults_six-pack, vaults_mumra_chevron_long,
          layout_vaults_omnigrid, serial_shops, nicolae_shop_behind_doors

Skill      XL: |  1  2  3  4  5  6  7  8  9 10 11 12 13 14 15 16 17 18 |
---------------+-------------------------------------------------------+-----
Unarmed Combat | 4 11 12 13 15 17 | 17.0
Fighting       | 5 6 7 9 11 13 16 17 19 | 19.5
Fire Magic     | 2 |  2.4
Dodging        | 2 5 8 9 10 12 14 | 14.0
Translocations | 3 4 7 |  7.0
Evocations     | 1 6 8 |  8.0
Transmutations | 3 9 12 | 12.0
Spellcasting   | 2 6 8 |  8.0
Conjurations   | 6 |  6.0
Poison Magic   | 6 11 12 | 12.0

Action                     |  1- 3 |  4- 6 |  7- 9 | 10-12 | 13-15 | 16-18 || total
---------------------------+-------+-------+-------+-------+-------+-------++-------
  Melee: Unarmed           |    88 |   128 |   225 |   546 |   826 |  1734 ||  3547
         Tailslap          |    13 |     9 |    39 |    86 |   146 |   348 ||   641
         Punch             |       |     8 |    13 |    52 |    68 |       ||   141
   Cast: Scorch            |    13 |     8 |    16 |    18 |     1 |     1 ||    57
         Blade Hands       |       |       |       |    18 |    70 |   160 ||   248
         Lesser Beckoning  |       |       |       |       |    10 |    25 ||    35
         Olgreb's Toxic Ra |       |       |       |       |     4 |   210 ||   214
         Irradiate         |       |       |       |       |       |    16 ||    16
         Alistair's Intoxi |       |       |       |       |       |    15 ||    15
         Eringya's Noxious |       |       |       |       |       |     4 ||     4
         Blink             |       |       |       |       |       |     3 ||     3
 Invoke: Foxfire Swarm     |       |       |     3 |       |       |       ||     3
         Fiery Armour      |       |       |     1 |     3 |       |       ||     4
         Sacrifice Drink   |       |       |       |       |     1 |       ||     1
         Sacrifice a Hand  |       |       |       |       |     1 |       ||     1
         Sacrifice Experie |       |       |       |       |     1 |       ||     1
         Power Leap        |       |       |       |       |       |     7 ||     7
         Sacrifice Stealth |       |       |       |       |       |     1 ||     1
         Apocalypse        |       |       |       |       |       |     2 ||     2
         Draw Out Power    |       |       |       |       |       |     1 ||     1
Ability: Breathe Frost     |       |       |    10 |    21 |    16 |    18 ||    65
         End Transformatio |       |       |       |     2 |     2 |     6 ||    10
  Evoke: Wand              |       |       |     2 |     4 |     2 |     6 ||    14
         Phial of floods   |       |       |       |       |       |     1 ||     1
    Use: Scroll            |     8 |     3 |     4 |     7 |    13 |     6 ||    41
         Potion            |     1 |       |       |     1 |     2 |     1 ||     5
   Stab: Distracted        |       |     1 |       |       |     1 |     5 ||     7
         Sleeping          |       |     1 |     2 |       |     1 |       ||     4
         Invisible         |       |       |       |       |       |    23 ||    23
         Paralysed         |       |       |       |       |       |    14 ||    14
         Confused          |       |       |       |       |       |     3 ||     3
 Armour: Skin              |    26 |    32 |    43 |   166 |   234 |   704 ||  1205
  Dodge: Dodged            |    36 |    74 |   160 |   390 |   707 |  1386 ||  2753

Table legend: (Time is in decaauts)
 A = Elapsed time spent in this place.
 B = Non-inter-level travel time spent in this place.
 C = Inter-level travel time spent in this place.
 D = Time resting spent in this place.
 E = Time spent auto-exploring this place.
 F = Levels seen in this place.
 G = Mean time per level.
                   A        B        C        D        E       F      G
               +--------+--------+--------+--------+--------+-----+--------+
         Total |  46959 |  43822 |   3137 |  15983 |  18196 |  35 | 1341.7 |
       Dungeon |  17101 |  15520 |   1581 |   3792 |   8876 |  15 | 1140.1 |
        Temple |     50 |     44 |      6 |      0 |      0 |   1 |   50.0 |
          Lair |   8804 |   8027 |    777 |   2868 |   3062 |   5 | 1760.8 |
        Shoals |   8819 |   8510 |    309 |   4484 |   2179 |   4 | 2204.8 |
   Spider Nest |   6530 |   6273 |    257 |   3043 |   1770 |   4 | 1632.5 |
  Orcish Mines |   2532 |   2374 |    158 |    666 |   1175 |   2 | 1266.0 |
        Vaults |   2643 |   2598 |     45 |   1081 |    980 |   2 | 1321.5 |
        Bailey |    239 |    239 |      0 |     19 |     18 |   1 |  239.0 |
      Gauntlet |    238 |    238 |      0 |     28 |    134 |   1 |  238.0 |
               +--------+--------+--------+--------+--------+-----+--------+

Top non-repeatable levels by time:
Shoals:4: 2754 daAuts
  Lair:4: 2501 daAuts
Vaults:1: 2484 daAuts
Shoals:1: 2361 daAuts
  Lair:5: 2209 daAuts
Shoals:2: 2148 daAuts
Spider:2: 1907 daAuts
    D:14: 1896 daAuts
    D:15: 1759 daAuts
     D:9: 1713 daAuts
  Lair:3: 1680 daAuts
Spider:3: 1654 daAuts
Shoals:3: 1555 daAuts
  Lair:2: 1553 daAuts
Spider:1: 1543 daAuts
